 Dungeon Crawl Stone Soup version 0.28-a0-655-g4eb62b627b (webtiles) character file.

Game seed: 18250979967615492645

25 sleeves the Slasher (level 2, -5/24 HPs)
             Began as a Demonspawn Fighter on Oct 12, 2021.
             Slain by a gnoll (11 damage)
             ... on level 2 of the Dungeon.
             The game lasted 00:01:29 (1488 turns).

sleeves the Slasher (Demonspawn Fighter)            Turns: 1488, Time: 00:01:29

Health: -5/24      AC:  6    Str: 16    XL:     2   Next: 86%
Magic:  2/2        EV:  9    Int:  9    God:
Gold:   67         SH:  8    Dex: 12    Spells: 1/1 levels left

rFire   . . .      SeeInvis .   a - +0 long sword
rCold   . . .      Faith    .   c - +0 buckler
rNeg    . . .      Spirit   .   b - +0 scale mail
rPois   .          Reflect  .   (no helmet)
rElec   .          Harm     .   (no cloak)
rCorr   .          Rampage  .   (no gloves)
Will    .....                   (no boots)
Stlth   ..........              (no amulet)
HPRegen 0.08/turn               (no ring)
MPRegen 0.08/turn               (no ring)

@: no status effects
A: condensation shield
a: no special abilities


You were on level 2 of the Dungeon.
You visited 1 branch of the dungeon, and saw 2 of its levels.

You collected 67 gold pieces.

Inventory:

Hand Weapons
 a - a +0 long sword (weapon)
Armour
 b - a +0 scale mail (worn)
 c - a +0 buckler (worn)
 i - a +2 pair of gloves
   (You found it on level 2 of the Dungeon)
Scrolls
 e - a scroll of fog {unknown}
 f - a scroll of enchant armour {unknown}
 g - a scroll of immolation {unknown}
 h - a scroll of identify {unknown}
Potions
 d - a potion of might


   Skills:
 - Level 3.0 Fighting
 + Level 3.1 Long Blades
 - Level 2.6 Armour
 - Level 2.6 Shields


You had one spell level left.
You didn't know any spells.
Your spell library contained the following spells:

 Spells                   Type           Power      Damage    Failure   Level
 Slow                     Hex            0%         N/A       95%         2
 Confusing Touch          Hex            0%         N/A       99%         3
 Vampiric Draining        Necr           0%         2d6       99%         3


Dungeon Overview and Level Annotations

Branches:
Dungeon (2/15)

Altars:


Innate Abilities, Weirdness & Mutations

A meltable shield of frost defends you. (SH +4)


Message History

Welcome, sleeves the Demonspawn Fighter.
Are you destined to find the awesome Orb of Zot, or to die trying?
Press ? for a list of commands and other information.
Found a staircase leading out of the dungeon.
Found a buckler.
Found 23 stones.
Found an escape hatch in the floor.
The ogre shouts!
The goblin shouts!
Found a faded altar of an unknown god.
Found 14 sling bullets.
You see here 14 sling bullets.
A frilled lizard comes into view.
The frilled lizard hisses angrily.
You closely miss the frilled lizard.
The frilled lizard bites you but does no damage.
You block the frilled lizard's attack.
You barely miss the frilled lizard.
The frilled lizard bites you but does no damage.
You closely miss the frilled lizard.
The frilled lizard bites you but does no damage.
You slash the frilled lizard!
You kill the frilled lizard!
No target in view!
No target in view!
You open the door.
There is an open door here.
An endoplasm comes into view.
The endoplasm quivers.
An endoplasm is nearby!
An endoplasm is nearby!
The endoplasm closely misses you.
You hit the endoplasm but do no damage. The endoplasm freezes you.
You are frozen.
The endoplasm freezes you.
You are frozen.
You slash the endoplasm!
You kill the endoplasm!
Your Long Blades skill increases to level 2!
No target in view!
No target in view!
No target in view!
HP restored.
A giant cockroach comes into view.
A giant cockroach is nearby!
A giant cockroach is nearby!
A giant cockroach is nearby!
You hit the giant cockroach but do no damage.
You block the giant cockroach's attack.
You hit the giant cockroach.
You kill the giant cockroach!
A kobold comes into view. It is wielding a +0 short sword.
The kobold shouts!
Found 15 gold pieces.
The kobold hits you with a +0 short sword.
You hit the kobold.
The kobold is moderately wounded.
The kobold hits you but does no damage. x2
You hit the kobold.
You kill the kobold!
No target in view!
Things that are here:
a +0 short sword; 2 stones; a kobold corpse No target in view!
No target in view!
You now have 15 gold pieces.
You open the door.
There is an open door here.
There is an open door here.
A ball python comes into view.
The ball python hisses angrily.
A ball python is nearby!
A ball python is nearby!
A ball python is nearby!
You slash the ball python!
You kill the ball python!
No target in view!
No target in view!
Found a club.
Key pressed, stopping explore.
No target in view!
A goblin comes into view. It is wielding a +0 dagger.
The goblin shouts!
A goblin is nearby!
The goblin barely misses you.
You closely miss the goblin. The goblin barely misses you.
The goblin hits you with a +0 dagger.
You miss the goblin. The goblin closely misses you.
A goblin is nearby!
You closely miss the goblin. The goblin closely misses you.
A goblin is nearby!
You closely miss the goblin. The goblin hits you with a +0 dagger.
The goblin hits you but does no damage.
A goblin is nearby!
You hit the goblin.
You kill the goblin!
Found a stone staircase leading down.
No target in view!
e - a scroll labelled DEPHEB JISUTID An endoplasm comes into view.
An endoplasm is nearby!
The endoplasm closely misses you.
You slash the endoplasm!
You kill the endoplasm!
No target in view!
No target in view!
A giant cockroach comes into view.
You block the giant cockroach's attack. The giant cockroach bites you.
A giant cockroach is nearby!
A giant cockroach is nearby!
You hit the giant cockroach but do no damage.
The giant cockroach closely misses you.
A giant cockroach is nearby!
You completely miss the giant cockroach.
You block the giant cockroach's attack.
The giant cockroach bites you but does no damage.
A giant cockroach is nearby!
You hit the giant cockroach.
The giant cockroach is heavily wounded.
The giant cockroach closely misses you.
You barely miss the giant cockroach.
The giant cockroach is heavily wounded.
The giant cockroach barely misses you. x2
You closely miss the giant cockroach.
The giant cockroach is heavily wounded.
The giant cockroach bites you but does no damage. x2
You hit the giant cockroach.
You kill the giant cockroach!
You have reached level 2!
Your demonic ancestry asserts itself...
Frost condenses into a shield before you.
A rat comes into view.
A rat is nearby!
A rat is nearby!
The rat closely misses you.
You hit the rat but do no damage. The rat closely misses you.
The rat barely misses you.
You completely miss the rat. The rat bites you but does no damage.
You barely miss the rat. You block the rat's attack.
A rat is nearby!
Your scale mail prevents you from hitting the rat.
The rat completely misses you. The rat barely misses you.
You slash the rat!
You kill the rat!
An endoplasm comes into view.
The endoplasm quivers.
An endoplasm is nearby!
Found a scroll labelled JYSTUB QOQES.
An endoplasm is nearby!
An endoplasm is nearby!
Found a stone staircase leading down.
You block the endoplasm's attack.
An endoplasm is nearby!
You hit the endoplasm.
You kill the endoplasm!
No target in view!
No target in view!
A rat comes into view.
A rat is nearby!
A rat is nearby!
The rat closely misses you.
You hit the rat.
You kill the rat!
A goblin comes into view. It is wielding a +0 club.
The goblin shouts!
A goblin is nearby!
Found a chain mail.
A goblin is nearby!
Found a stone staircase leading down.
You closely miss the goblin. The goblin completely misses you.
Your scale mail prevents you from hitting the goblin.
You block the goblin's attack.
You closely miss the goblin. The goblin barely misses you.
You hit the goblin.
You kill the goblin!
Things that are here:
a +0 club; a goblin corpse
f - a scroll labelled JYSTUB QOQES You see here a +0 chain mail.
You see here a +0 chain mail.
You open the door.
A goblin comes into view. It is wielding a +0 dagger.
The goblin shouts!
Found a scroll labelled SUEJEI ULAGO.
There is an open door here.
You slash the goblin!
You kill the goblin!
No target in view!
No target in view!
No target in view!
No target in view!
No target in view!
No target in view!
No target in view!
No target in view!
g - a scroll labelled SUEJEI ULAGO
There is an open door here.
You now have 22 gold pieces (gained 7).
A frilled lizard comes into view.
The frilled lizard hisses angrily.
A frilled lizard is nearby!
You block the frilled lizard's attack.
You closely miss the frilled lizard. The frilled lizard bites you.
You slash the frilled lizard!
You kill the frilled lizard!
No target in view!
No target in view!
No target in view!
No target in view!
No target in view!
No target in view!
A bat comes into view.
A bat is nearby!
A bat is nearby!
You block the bat's attack. The bat barely misses you.
The bat hits you but does no damage. The bat hits you but does no damage.
The bat hits you but does no damage. The bat hits you but does no damage.
The bat hits you but does no damage. You block the bat's attack.
You hit the bat.
The bat is moderately wounded.
The bat closely misses you. The bat hits you but does no damage.
A bat is nearby!
A bat is nearby!
A bat is nearby!
You miss the bat.
The bat is moderately wounded.
The bat barely misses you. You block the bat's attack. x2
The bat barely misses you. You block the bat's attack. x2
You closely miss the bat.
The bat is moderately wounded.
The bat barely misses you.
A bat is nearby!
A bat is nearby!
You block the bat's attack.
You barely miss the bat.
The bat is moderately wounded.
The bat barely misses you. x2
The bat hits you but does no damage.
You closely miss the bat.
The bat is moderately wounded.
The bat misses you. The bat hits you but does no damage.
You block the bat's attack.
You hit the bat.
You kill the bat!
No target in view!
No target in view!
No target in view!
No target in view!
No target in view!
No target in view!
Found a mace.
There is a dry fountain here.
There is a dry fountain here.
There is a dry fountain here.
There is a dry fountain here.
Key pressed, stopping explore.
No target in view!
No target in view!
You open the door.
Found 23 stones.
There is an open door here.
h - a scroll labelled POUSYG FACOST An endoplasm comes into view.
An endoplasm is nearby!
An endoplasm is nearby!
An endoplasm is nearby!
You slash the endoplasm!
You kill the endoplasm!
No target in view!
No target in view!
No target in view!
No target in view!
No target in view!
No target in view!
No target in view!
No target in view!
No target in view!
A hobgoblin comes into view.
The hobgoblin shouts!
A hobgoblin is nearby!
A hobgoblin is nearby!
A hobgoblin is nearby!
You hit the hobgoblin.
The hobgoblin is almost dead.
The hobgoblin hits you but does no damage.
You barely miss the hobgoblin.
The hobgoblin is almost dead.
The hobgoblin barely misses you.
You closely miss the hobgoblin.
The hobgoblin is almost dead.
The hobgoblin hits you but does no damage.
You slash the hobgoblin!
You kill the hobgoblin!
No target in view!
There is an open door here.
There is an open door here.
You see here a +0 mace.
Done exploring.
Done exploring.
Done exploring.
Done exploring.
(D) Dungeon
Where to? (? - help)
You see here a +0 dagger.
There is an open door here.
There is a stone staircase leading down here.
You climb downwards.
The frilled lizard hisses angrily.
There is a stone staircase leading up here.
A frilled lizard is nearby!
There's nothing to open nearby.
A frilled lizard is nearby!
A frilled lizard is nearby!
A frilled lizard is nearby!
You hit the frilled lizard.
The frilled lizard is heavily wounded.
You block the frilled lizard's attack.
You closely miss the frilled lizard.
The frilled lizard is heavily wounded.
You block the frilled lizard's attack.
You hit the frilled lizard.
You kill the frilled lizard!
No target in view!
No target in view!
No target in view!
No target in view!
No target in view!
No target in view!
No target in view!
Found a stone staircase leading down.
A worm comes into view.
A worm is nearby!
You hit the worm.
The worm is moderately wounded.
You block the worm's attack.
You hit the worm.
The worm is heavily wounded.
The worm bites you but does no damage.
You slash the worm!
The worm is severely wounded.
You slash the worm!
You kill the worm!
Your Long Blades skill increases to level 3!
No target in view!
No target in view!
No target in view!
No target in view!
No target in view!
No target in view!
No target in view!
No target in view!
No target in view!
No target in view!
No target in view!
No target in view!
No target in view!
You see here a worm corpse.
A goblin comes into view. It is wielding a +0 dagger.
The goblin shouts!
A goblin is nearby!
A goblin is nearby!
A goblin is nearby!
You slash the goblin!
You kill the goblin!
No target in view!
No target in view!
No target in view!
No target in view!
Things that are here:
a +0 dagger; a goblin corpse You now have 35 gold pieces (gained 13).
Found a stone staircase leading up.
Found 6 bolts.
No target in view!
No target in view!
No target in view!
No target in view!
No target in view!
No target in view!
You now have 41 gold pieces (gained 6).
A kobold comes into view. It is wielding a +0 whip.
The kobold shouts!
A kobold is nearby!
A kobold is nearby!
A kobold is nearby!
The kobold hits you with a +0 whip.
You barely miss the kobold. The kobold hits you but does no damage.
You hit the kobold.
The kobold is moderately wounded.
The kobold hits you but does no damage.
You barely miss the kobold.
The kobold is moderately wounded.
The kobold barely misses you. x2
You closely miss the kobold.
The kobold is moderately wounded.
You block the kobold's attack.
You slash the kobold!
You kill the kobold!
No target in view!
No target in view!
No target in view!
No target in view!
No target in view!
No target in view!
HP restored.
Things that are here:
a +0 whip; a stone
Found a stone staircase leading down.
There is a stone staircase leading down here.
i - a +2 pair of gloves You now have 54 gold pieces (gained 13).
You now have 67 gold pieces (gained 13).
Found a whip.
You pick up a book of Debilitation and begin reading...
You add the spells Slow, Vampiric Draining and Confusing Touch to your library.
Found a club.
No target in view!
No target in view!
No target in view!
No target in view!
Found a stone staircase leading down.
Found 18 sling bullets.
A goblin comes into view. It is wielding a +0 dagger.
A goblin is nearby!
A goblin is nearby!
Found 5 boomerangs.
The goblin barely misses you.
You barely miss the goblin. You block the goblin's attack.
You slash the goblin!
You kill the goblin!
No target in view!
No target in view!
No target in view!
No target in view!
No target in view!
No target in view!
No target in view!
No target in view!
A gnoll comes into view. It is wielding a +0 club.
The gnoll shouts!
A gnoll is nearby!
A gnoll is nearby!
A gnoll is nearby!
A gnoll comes into view. It is wielding a +0 flail.
The gnoll shouts!
You hear a shout!
The gnoll hits you with a +0 club.
A gnoll comes into view. It is wielding a +0 flail.
You hit the gnoll.
The gnoll is lightly wounded.
The gnoll hits you with a +0 club.
You hit the gnoll.
The gnoll is lightly wounded.
You block the gnoll's attack.
You hit the gnoll.
The gnoll is moderately wounded.
The gnoll barely misses you.
You hit the gnoll but do no damage.
The gnoll is moderately wounded.
The gnoll hits you with a +0 flail!
* * * LOW HITPOINT WARNING * * *
You are too injured to fight recklessly!
You are too injured to fight recklessly!
You are too injured to fight recklessly!
You are too injured to fight recklessly!
You are too injured to fight recklessly!
You block the gnoll's attack.
You see here a +0 dagger.
You see here a +0 club.
You barely miss the gnoll.
The gnoll is lightly wounded.
You block the gnoll's attack.
You barely miss the gnoll.
The gnoll is lightly wounded.
You block the gnoll's attack. The gnoll hits you with a +0 flail.
You slash the gnoll!
The gnoll is severely wounded.
The gnoll closely misses you.
You hit the gnoll but do no damage.
The gnoll is severely wounded.
The gnoll hits you with a +0 flail!
* * * LOW HITPOINT WARNING * * *
You are too injured to fight recklessly!
You barely miss the gnoll.
The gnoll is severely wounded.
The gnoll hits you with a +0 flail!
You die...

..........)gg.....#
###+#############.# #.......
#.# #g# #..........# #.# #g#
#..........# #(# #.#
#..........# #.# #.#
...........# #.# #.#
...........####.#############.#
...........##...@ggg..........#
...........##.#.###############
#..........##.#.#
#####.#.......#.# #
#.#.#######.# #####.#.#.....#.#
.#............#.#
.#.##.#########.###
.#.##.............#


You could see 3 gnolls.

Vanquished Creatures
  A worm (D:2)
  4 endoplasms (D:1)
  2 giant cockroaches (D:1)
  5 goblins
  A hobgoblin (D:1)
  A ball python (D:1)
  A bat (D:1)
  3 frilled lizards
  2 kobolds
  2 rats (D:1)
22 creatures vanquished.

Notes
Turn   | Place    | Note
-------+----------+-------------------------------------------
     0 | D:1      | sleeves the Demonspawn Fighter began the quest for the Orb.
     0 | D:1      | Reached XP level 1. HP: 18/18 MP: 1/1
    10 | D:1      | Noticed an ogre
    46 | D:1      | Found a faded altar of an unknown god.
    86 | D:1      | Reached skill level 2 in Long Blades
   373 | D:1      | Gained mutation: A meltable shield of frost defends you.
                  | (SH +4) [demonic ancestry]
   373 | D:1      | Reached XP level 2. HP: 22/24 MP: 2/2
  1117 | D:2      | Reached skill level 3 in Long Blades
  1382 | D:2      | HP: 9/24 [gnoll (10)]
  1487 | D:2      | HP: 6/24 [gnoll (7)]
  1488 | D:2      | Slain by a gnoll

Illustrated notes

Levels and vault maps discovered:
D:1:      evilmike_arrival_come_back, layout_loops_corners,
          shapermc_ecumenical_altar_venn, minmay_misc_feat_diagonals, hex_large,
          hangedman_decor_lopped
D:2:      layout_basic, uniq_crazy_yiuf_cottage

Skill      XL: |  1  2 |
---------------+-------+-----
Long Blades    | 2 3 |  3.1
Fighting       | |  3.0
Armour         | |  2.6
Shields        | |  2.6

Action                   || total
-------------------------++-------
Melee: Long sword        ||    72
Armor: Scale mail        ||    23
Dodge: Dodged            ||    32
Block: Buckler           ||    25

Table legend: (Time is in decaauts)
 A = Elapsed time spent in this place.
 B = Non-inter-level travel time spent in this place.
 C = Inter-level travel time spent in this place.
 D = Time resting spent in this place.
 E = Time spent auto-exploring this place.
 F = Levels seen in this place.
 G = Mean time per level.
                   A        B        C        D        E       F      G
               +--------+--------+--------+--------+--------+-----+--------+
         Total |   1509 |   1463 |     46 |      0 |   1158 |   2 |  754.5 |
       Dungeon |   1509 |   1463 |     46 |      0 |   1158 |   2 |  754.5 |
               +--------+--------+--------+--------+--------+-----+--------+

Top non-repeatable levels by time:
     D:1: 1025 daAuts
     D:2: 484 daAuts
